 Dungeon Crawl Stone Soup version 0.16.0-17-g811c1d7 (webtiles) character file.

2738 serseaman the Fighter (level 9, -7/89 HPs)
             Began as a Hill Orc Fighter on Mar 20, 2015.
             Was an Initiate of Gozag.
             Mangled by a tentacled starspawn (25 damage)
             ... on level 2 of the Abyss.
             The game lasted 01:02:29 (7348 turns).

serseaman the Fighter (Hill Orc Fighter)            Turns: 7348, Time: 01:02:29

Health: -7/89      AC: 26    Str: 22    XL:     9   Next: 67%
Magic:  9/9        EV:  5    Int:  8    God:    Gozag
Gold:   997        SH: 11    Dex: 10    Spells: 0 memorised, 8 levels left

rFire  . . .     SeeInvis .     h - +3 mace (protect)
rCold  . . .     Clarity  .     f - +2 plate armour
rNeg   . . .     SustAb   +     c - +0 shield
rPois  .         Gourm    .     x - +0 helmet
rElec  .         Spirit   .     O - +0 cloak
rCorr  .         Warding  .     (no gloves)
rMut   .         Stasis   .     k - +2 pair of boots
MR     .....                    r - amulet of rage
Stlth  ..........               y - ring of teleport control
                                n - ring of sustain abilities

@: about to teleport, not resistant to hostile enchantments, extremely
unstealthy
A: no striking features
a: Potion Petition, Call Merchant, Bribe Branch, Renounce Religion, Evoke
Berserk Rage, Evoke Teleport Control


You were on level 2 of the Abyss.
You worshipped Gozag.
Gozag was noncommittal.
You were not hungry.

You visited 2 branches of the dungeon, and saw 9 of its levels.
You visited the Abyss 1 time.
You also visited: Ossuary.

You collected 1071 gold pieces.
You paid 74 gold pieces to Gozag.

Inventory:

Hand weapons
 h - a +3 mace of protection (weapon)
 j - a cursed +4 trident of piercing
 u - a +0 battleaxe
 w - a +2 battleaxe of distortion
 M - a +4 flail of protection
 P - a +3 dagger of pain
 T - a +0 morningstar
 U - the cursed +3 flail "Bal Naisk" {flame, rElec Dex+3, unknown}
   (You found it on level 2 of the Abyss)

   It has been specially enchanted to burn those struck by it, causing extra
   injury to most foes and up to half again as much damage against particularly
   susceptible opponents.
   It affects your dexterity (+3).
   It insulates you from electricity.
   It has a curse placed upon it.
Armour
 c - a +0 shield (worn)
 f - a +2 plate armour (worn)
 k - a +2 pair of boots (worn)
 t - a +2 robe of fire resistance
 x - a +0 helmet (worn)
 O - a +0 cloak (worn)
Jewellery
 b - an uncursed amulet of inaccuracy
 m - an uncursed amulet of resist corrosion
 n - a ring of sustain abilities (left hand)
 q - an uncursed amulet of resist corrosion
 r - an amulet of rage (around neck)
 y - a ring of teleport control (right hand)
Magical devices
 l - a wand of flame (45)
 L - a wand of confusion (19)
 R - a wand of confusion (16)
 S - a wand of lightning (5)
Scrolls
 a - 6 scrolls of identify
 p - 3 scrolls of immolation
 s - a scroll of random uselessness
 A - 2 scrolls of fog
 D - 5 scrolls of amnesia
 E - a scroll of remove curse
 F - 2 scrolls of recharging
Potions
 e - a potion of might
 g - 2 potions of brilliance
 i - a potion of cancellation
 v - a potion of cure mutation
 z - 2 potions of curing {unknown}
 B - 2 potions of magic {unknown}
 H - 2 potions of mutation {unknown}
 I - a potion of haste {unknown}
 J - a potion of lignification
 K - a potion of agility
Books
 o - a book of Frost

   Spells                             Type                      Level
   a - Freeze                         Ice                          1
   b - Throw Frost                    Conjuration/Ice              2
   c - Ozocubu's Armour               Charms/Ice                   3
   d - Throw Icicle                   Conjuration/Ice              4
   e - Summon Ice Beast               Ice/Summoning                4
   f - Condensation Shield            Ice                          4
Comestibles
 d - 4 bread rations
 C - 2 beef jerkies
 N - a meat ration
 Q - 7 fruits


   Skills:
 * Level 11.2 Fighting
   Level 2.6 Long Blades
 + Level 7.8 Armour
 + Level 7.9 Shields


You had 8 spell levels left.
You didn't know any spells.

Dungeon Overview and Level Annotations

Branches:
Dungeon (8/15)             Temple (1/1) D:6
   Lair: D:8-11

Altars:
Ashenzari
Cheibriados
Dithmenos
Elyvilon
Fedhas
Gozag
Kikubaaqudgha
Nemelex Xobeh
Okawaru
Qazlal
Ru
Yredelemnul
Zin
The Shining One

Shops:
D:5 (

Annotations:
D:8 Psyche


Message History

Unknown command.
Unknown command.
You are engulfed in roaring flames.
* * * LOW HITPOINT WARNING * * *
Unknown command.
Unknown command.
You start resting.
A tentacled starspawn comes into view.
Really walk into that cloud of flame?
Okay, then.
As you read the scroll of teleportation, it crumbles to dust.
You feel strangely unstable.
You feel the power of the Abyss delaying your translocation.
You start resting.
A tentacled starspawn is nearby!
A tentacled starspawn is nearby!
A tentacled starspawn is nearby!
The tentacled starspawn bites you!!
You die...
Your body crumbles into a pile of gold.

# #### . . ##@.##
##. ..#####X#..# #
# # . . ..#.#.####
. # . .##...# .##..
... #..##..###.##.
# ..#..#. .. .#. .
#..#..###.. #
.#..#.§...#...#...#
. . # #.§.#####. #
##..


You could see a tentacled starspawn.

Vanquished Creatures
  Joseph (D:7)
  A ynoxinul (Abyss:2)
  A wyvern (D:8)
  Edmund (D:6)
  An ice beast (D:5)
  2 sky beasts
  A necrophage (D:5)
  The ghost of serseaman the Shield-Bearer, an average HOFi (D:3)
  2 ogres
  2 black bears (D:6)
  A phantom (D:7)
  A giant frog (D:6)
  Blork the orc (D:6)
  A scorpion (D:4)
  A hound (D:5)
  2 goliath beetles (D:7)
  3 orc priests
  2 crimson imps
  2 jellies (D:7)
  A centaur skeleton (D:5)
  6 orc wizards
  2 worker ants
  A big kobold zombie (Ossuary)
  4 mummies (Ossuary)
  4 hound zombies
  4 gnolls (D:7)
  6 adders
  A shadow imp (D:7)
  A giant mite (D:5)
  5 ufetubi (Abyss:2)
  2 worms
  2 adder zombies
  6 giant geckos
  2 oozes
  18 orcs
  4 giant cockroaches
  A gnoll zombie (Ossuary)
  9 hobgoblins
  13 jackals
  11 kobolds
  7 quokkas
  14 bats
  A giant gecko skeleton (D:5)
  2 giant newts
  11 goblins
  A goblin zombie (Ossuary)
  2 hobgoblin zombies (Ossuary)
  2 kobold zombies (Ossuary)
  2 orc zombies (Ossuary)
  14 rats
186 creatures vanquished.

Vanquished Creatures (others)
  2 starspawn tentacles (Abyss:2)
  4 starspawn tentacle segments (Abyss:2)
6 creatures vanquished.

Grand Total: 192 creatures vanquished

Notes
Turn   | Place    | Note
--------------------------------------------------------------
     0 | D:1      | serseaman, the Hill Orc Fighter, began the quest for the Orb.
     0 | D:1      | Reached XP level 1. HP: 19/19 MP: 1/1
   420 | D:1      | Reached XP level 2. HP: 21/27 MP: 2/2
   968 | D:2      | Reached XP level 3. HP: 31/33 MP: 3/3
   981 | D:2      | Reached skill level 4 in Fighting
  1690 | D:3      | Reached XP level 4. HP: 38/41 MP: 4/4
  1935 | D:3      | Noticed serseaman's ghost (average HOFi)
  1955 | D:3      | Killed serseaman's ghost
  1955 | D:3      | Reached skill level 5 in Fighting
  1955 | D:3      | Reached XP level 5. HP: 37/48 MP: 5/5
  2240 | D:3      | Found an opulent altar of Gozag.
  2247 | D:3      | Became a worshipper of Gozag Ym Sagoz the Greedy
  2639 | D:4      | Reached XP level 6. HP: 10/57 MP: 6/6
  3027 | D:4      | Noticed an ogre
  3035 | D:4      | Killed an ogre
  3035 | D:4      | Reached skill level 6 in Fighting
  3331 | D:4      | Reached skill level 5 in Shields
  3381 | D:4      | Reached skill level 5 in Armour
  3383 | D:4      | Reached XP level 7. HP: 43/64 MP: 7/7
  4166 | D:4      | Reached skill level 7 in Fighting
  4208 | D:5      | Entered Level 5 of the Dungeon
  4208 | D:5      | Found Mnagaug's Weapon Emporium.
  4481 | D:5      | Reached skill level 8 in Fighting
  4481 | D:5      | Reached XP level 8. HP: 72/74 MP: 8/8
  4791 | D:5      | Found a sand-covered staircase.
  4848 | Ossuary  | Entered an ossuary
  5180 | D:5      | Reached skill level 9 in Fighting
  5279 | D:6      | Noticed Blork the orc
  5292 | D:6      | Killed Blork the orc
  5790 | D:6      | Noticed Edmund
  5809 | D:6      | Killed Edmund
  6071 | D:6      | Found a staircase to the Ecumenical Temple.
  6120 | Temple   | Entered the Ecumenical Temple
  6316 | D:6      | Reached XP level 9. HP: 81/85 MP: 9/9
  6404 | D:7      | Reached skill level 10 in Fighting
  6503 | D:7      | Found a snail-covered altar of Cheibriados.
  6927 | D:7      | Noticed Joseph
  6952 | D:7      | Killed Joseph
  6989 | D:7      | Found a white marble altar of Elyvilon.
  7166 | D:8      | Noticed Psyche
  7183 | D:8      | Reached skill level 11 in Fighting
  7183 | D:8      | Cast into the Abyss (Psyche)
  7251 | Abyss:2  | Got a twisted flail
  7332 | Abyss:2  | Noticed a tentacled starspawn
  7348 | Abyss:2  | Mangled by a tentacled starspawn

Action                   |  1- 3 |  4- 6 |  7- 9 || total
-------------------------+-------+-------+-------++-------
Melee: Long sword        |   158 |    78 |       ||   236
       Trident           |       |    39 |   102 ||   141
       Mace              |       |       |   273 ||   273
Evoke: Wand              |       |     1 |       ||     1
  Use: Scroll            |     5 |     6 |    10 ||    21
       Potion            |       |     4 |     2 ||     6
 Stab: Confused          |       |       |     1 ||     1
  Eat: Meat ration       |     1 |     1 |       ||     2
       Beef jerky        |       |     1 |       ||     1
       Bread ration      |       |       |     2 ||     2
       Fruit             |       |       |     1 ||     1
       Pizza             |       |       |     1 ||     1
